Map: Incorporeal LE

Players

LigerMaNN

  • Race: Zerg Zerg
  • League: Diamond
  • Spawn Location: 5:00

TymedLyneZ - Winner!

  • Race: Terran Terran
  • League: Diamond
  • Spawn Location: 11:00

VOD

Have the link to the VOD?

Description

Time

  • Played on: June 4, 2025, 12:11 a.m.
  • Length: 15:44
Show
View Real Time Build Order
Export as new Build Order

LigerMaNN Zerg 

Build Orders: Hatch First 

Get SALT Encoding   

  12  0:01  Drone  
  13  0:13  Overlord  
  13  0:24  Drone  
  14  0:37  Drone x3  
  17  0:51  Hatchery  
  17  0:55  Drone  
  17  0:59  Drone  
  18  1:09  Extractor  
  17  1:15  Spawning Pool  
  16  1:18  Drone  
  16  1:21  Drone  
  18  1:31  Drone  
  19  1:41  Overlord  
  19  2:04  Zergling x6, Queen  
  19  2:05  Queen  
  26  2:14  Metabolic Boost  
  26  2:19  Drone x2  
  28  2:34  Drone x2  
  30  2:52  Queen  
  30  2:54  Overlord x2  
  30  2:56  Drone x2  
  34  3:05  Hatchery  
  33  3:13  Pneumatized Carapace  
  32  3:37  Zergling x8  
  32  3:38  Zergling x2  
  32  3:41  Drone x4  
  41  3:54  Queen  
  43  4:03  Drone  
  43  4:04  Drone x4  
  48  4:13  Drone x3  
  48  4:15  Overlord  
  51  4:31  Spore Crawler  
  51  4:33  Spore Crawler  
  51  4:35  Spore Crawler  
  51  4:36  Drone x6  
  51  4:37  Drone x2  
  56  4:43  Lair  
  56  4:47  Spore Crawler  
  51  5:17  Drone x10  
  51  5:18  Drone x5  
  61  5:26  Queen  
  61  5:27  Queen  
  65  5:34  Hatchery  
  64  5:36  Drone x2, Extractor  
  64  5:38  Extractor  
  64  5:41  Hatchery  
  57  6:05  Overlord x2  
  57  6:06  Overlord x6  
  57  6:07  Overlord  
  57  6:18  Overlord x3  
  57  6:20  Extractor  
  57  6:21  Extractor  
  55  6:34  Overlord x3  
  57  6:42  Drone  
  57  6:43  Drone x2, Extractor  
  59  6:47  Drone  
  58  7:06  Hydralisk Den  
  57  7:09  Baneling Nest  
  57  7:12  Drone  
  57  7:13  Drone x13  
  57  7:14  Evolution Chamber  
  57  7:15  Evolution Chamber  
  68  7:25  Queen  
  68  7:28  Drone x2  
  68  7:29  Drone x4  
  76  7:41  Queen  
  78  7:47  Hydralisk x9  
  78  7:50  Muscular Augments  
  96  7:53  Hydralisk  
  96  7:55  Hydralisk  
  100  7:59  Drone x3  
  103  8:33  Centrifugal Hooks  
  103  8:34  Zergling x6  
  103  8:35  Zergling x32  
  103  8:39  Drone x2  
  124  8:42  Queen  
  124  8:43  Extractor x2  
  116  8:54  Grooved Spines  
  98  9:05  Drone x12  
  109  9:10  Baneling x2  
  109  9:11  Baneling x10  
  109  9:19  Spine Crawler x2  
  107  9:39  Zergling x32  
  107  9:44  Spire  
  120  9:53  Overlord x2  
  120  9:54  Overlord  
  120  9:59  Hatchery  
  119  10:14  Hydralisk x6  
  119  10:15  Hydralisk x9  
  119  10:17  Overlord  
  119  10:20  Baneling  
  149  10:21  Baneling x7  
  149  10:22  Baneling  
  149  10:23  Baneling x2  
  149  10:56  Mutalisk, Zerg Flyer Weapons Level 1  
  149  10:57  Mutalisk x13  
  149  10:58  Mutalisk  
  149  11:01  Mutalisk  
  181  11:31  Drone x4  
  185  11:33  Drone x3  
  185  11:38  Drone  
  185  11:39  Drone x8  
  197  11:41  Zergling x6  
  161  12:05  Zergling x28  
  161  12:06  Zergling x40  
  195  12:15  Zergling x8  
  174  12:36  Hydralisk  
  174  12:37  Hydralisk x11  
  198  12:47  Baneling x13  
  198  12:48  Baneling x30  
  198  12:49  Baneling x6  
  198  12:50  Zergling x2  
  146  13:36  Zergling x36  
  146  13:37  Zergling x40  
  166  13:56  Mutalisk x5  
  166  13:57  Mutalisk x11  
  166  14:01  Baneling x14  
  166  14:02  Baneling x9  
  198  14:03  Baneling x2  
  198  14:04  Baneling x3  
  198  14:44  Hatchery  
  189  14:49  Hatchery  
  146  14:59  Zergling x38  
  138  15:12  Zergling x12  
Show
View Real Time Build Order
Export as new Build Order

TymedLyneZ Terran - Winner!

Build Orders: Liberator Opening, Reaper Expand, Mech 

Get SALT Encoding   

  12  0:00  SCV  
  13  0:12  SCV  
  14  0:17  Supply Depot  
  14  0:24  SCV  
  15  0:38  SCV  
  15  0:39  Barracks  
  16  0:43  Refinery  
  16  0:50  SCV  
  17  1:03  SCV  
  18  1:15  SCV  
  19  1:27  Orbital Command  
  19  1:28  Reaper  
  20  1:40  Command Center  
  20  1:49  Supply Depot  
  20  1:52  SCV  
  21  2:00  Marine  
  22  2:05  SCV  
  23  2:14  Factory  
  23  2:17  SCV  
  23  2:19  Refinery  
  23  2:21  Barracks Reactor  
  24  2:29  SCV  
  25  2:41  SCV  
  25  2:53  SCV  
  25  2:54  Bunker, Orbital Command  
  26  3:03  Starport  
  26  3:05  Barracks Tech Lab, SCV  
  27  3:06  Hellion x2  
  30  3:27  Hellion x2  
  34  3:35  Bunker, SCV x2  
  34  3:41  Liberator  
  36  3:47  SCV x2  
  41  3:49  Hellion x2  
  45  3:56  Supply Depot  
  45  3:57  Supply Depot  
  45  4:05  SCV  
  46  4:17  SCV x2  
  46  4:22  Hellion x2  
  52  4:25  Supply Depot  
  52  4:29  SCV x2  
  52  4:31  Supply Depot  
  54  4:38  Marine  
  54  4:41  SCV x2  
  57  4:54  SCV x2  
  57  4:56  Marine  
  60  5:06  SCV x2  
  62  5:14  Marine  
  62  5:19  SCV  
  62  5:20  SCV  
  57  5:24  Refinery  
  57  5:25  Refinery  
  53  5:32  SCV x2  
  55  5:44  SCV x2  
  55  5:47  Hellion x2  
  55  5:48  Command Center  
  61  5:56  SCV x2  
  63  5:58  Supply Depot  
  63  5:59  Supply Depot  
  60  6:07  Factory  
  60  6:08  SCV x2  
  60  6:09  Hellion x2, Factory  
  66  6:11  Viking  
  66  6:18  Engineering Bay  
  68  6:20  SCV x2  
  68  6:22  Armory  
  68  6:24  Armory  
  70  6:26  Supply Depot x2  
  70  6:32  SCV x2  
  72  6:45  Factory, SCV x2  
  72  6:46  Factory  
  74  6:54  Hellion  
  74  6:55  Hellion, Factory Tech Lab  
  74  6:56  Factory Tech Lab  
  78  7:01  Supply Depot  
  78  7:02  Supply Depot  
  78  7:04  Orbital Command  
  78  7:13  SCV x2  
  80  7:16  Hellion x2, Infernal Pre-Igniter  
  80  7:18  Smart Servos  
  80  7:22  Siege Tank x2  
  90  7:25  Terran Vehicle Weapons Level 1  
  90  7:28  Terran Vehicle And Ship Armor Level 1  
  90  7:52  Factory Reactor  
  90  7:53  Orbital Command  
  90  7:55  Refinery, Hellion x2  
  90  7:56  Command Center  
  90  7:57  Siege Tank  
  97  8:00  Refinery  
  97  8:13  Supply Depot  
  97  8:16  Hellion, Supply Depot  
  97  8:17  Hellion  
  101  8:21  SCV  
  101  8:22  SCV x2  
  104  8:33  Siege Tank x3  
  104  8:34  SCV x3  
  115  8:35  Hellion  
  115  8:36  Hellion  
  116  8:58  Hellion x4  
  118  9:05  Siege Tank x2  
  118  9:06  Siege Tank  
  121  9:15  Supply Depot  
  121  9:37  Siege Tank x2  
  121  9:38  Siege Tank  
  130  10:03  SCV x2  
  130  10:05  SCV  
  132  10:07  Planetary Fortress  
  132  10:09  Siege Tank x2  
  132  10:10  Siege Tank  
  140  10:15  SCV x2  
  140  10:17  SCV  
  140  10:19  Hellion x3  
  140  10:20  Hellion, Terran Vehicle Weapons Level 2  
  140  10:21  Terran Vehicle And Ship Armor Level 2  
  151  10:33  Factory  
  151  10:35  Factory  
  151  10:41  Hellion, Siege Tank  
  151  10:42  Siege Tank x2  
  162  10:46  Supply Depot  
  162  10:47  Supply Depot  
  162  10:48  Supply Depot  
  162  10:49  Supply Depot  
  162  10:58  Supply Depot  
  162  11:01  Neosteel Armor, Supply Depot  
  162  11:06  Hellbat x4  
  170  11:13  Siege Tank  
  170  11:14  Siege Tank x2  
  179  11:27  Hellbat x2  
  179  11:28  Hellbat x2  
  187  11:39  Factory Tech Lab x2  
  187  11:41  Drilling Claws  
  187  11:46  Hellbat  
  181  12:02  Hellion x4  
  181  12:14  Thor x3  
  181  12:15  Thor x2  
  173  12:40  Missile Turret  
  173  12:41  Hi-Sec Auto Tracking  
  173  12:42  Missile Turret  
  173  12:43  Missile Turret  
  173  12:46  Missile Turret x2  
  173  12:50  Terran Vehicle Weapons Level 3  
  166  12:53  Missile Turret  
  166  12:54  Missile Turret  
  166  12:55  Missile Turret  
  166  12:56  Missile Turret  
  166  12:57  Thor x3, Missile Turret  
  174  13:04  Refinery  
  166  13:06  Refinery  
  125  13:47  SCV x3  
  116  13:59  SCV x3  
  109  14:03  Hellion x7  
  109  14:04  Hellion x2  
  125  14:11  SCV x3  
  125  14:13  Command Center  
  128  14:23  SCV x2  
  128  14:24  Hellion x2, SCV  
  133  14:25  Hellion x3  
  108  14:57  Hellion x2  
  108  14:58  Hellion x7  
Tags
 
Add a new tag
Caveats
  • Supply blocks, unpowered buildings, or Contaminate may cause inaccurate times.
  • Supply counts are checked every 10 seconds.